 Dungeon Crawl Stone Soup version 0.26-a0-812-g31a745ddcd (webtiles) character file.

Game seed: 34322761884476842

140 mkm the Poker (level 5, -5/42 HPs)
             Began as a Minotaur Berserker on Nov 21, 2020.
             Was an Initiate of Hepliaklqana.
             Killed by divine providence
             ... invoked by an orc priest
              (10 damage)
             ... on level 3 of the Dungeon.
             The game lasted 00:08:13 (2151 turns).

mkm the Poker (Minotaur Berserker)                  Turns: 2151, Time: 00:08:14

Health: -5/42      AC: 13    Str: 17 (23) XL:     5   Next: 2%
Magic:  4/4        EV:  6    Int:  4      God:    Hepliaklqana [......]
Gold:   172        SH:  0    Dex:  9      Spells: 4/4 levels left

rFire    . . .     SeeInvis .   m - +3 hand axe (venom)
rCold    . . .     Faith    .   (no shield)
rNeg     . . .     Spirit   .   d - +0 plate armour
rPois    .         Reflect  .   (helmet restricted)
rElec    .         Harm     .   (no cloak)
rCorr    .         Rampage  .   j - +1 pair of gloves
MR       .....                  (no boots)
Stlth    ..........             (no amulet)
HPRegen  0.14/turn              (no ring)
MPRegen  0.09/turn              (no ring)

@: lethally poisoned (-5 -> -8)
A: retaliatory headbutt, reduced essence, horns 2
a: Recall Ancestor, Ancestor Identity, Renounce Religion


You were on level 3 of the Dungeon.
You worshipped Hepliaklqana.
Hepliaklqana was noncommittal.
You visited 1 branch of the dungeon, and saw 3 of its levels.

You collected 172 gold pieces.

Inventory:

Hand Weapons
 a - a +0 spear
 m - a +3 hand axe of venom (weapon)
Armour
 d - a +0 plate armour (worn)
 j - a +1 pair of gloves (worn)
Scrolls
 i - 2 scrolls of identify
 k - 3 scrolls of teleportation
Potions
 h - a potion of brilliance
 p - a potion of attraction


   Skills:
 + Level 4.6 Fighting
 + Level 2.1(3.6) Axes
 + Level 4.6(4.9) Polearms
 + Level 3.4 Armour
 + Level 2.8 Dodging
 + Level 0.6 Stealth


You had 4 spell levels left.
You didn't know any spells.
Your spell library was empty.

Dungeon Overview and Level Annotations

Branches:
Dungeon (3/15)

Altars:
Hepliaklqana


Innate Abilities, Weirdness & Mutations

You reflexively headbutt those who attack you in melee.
You have a pair of horns on your head.
Your life essence is reduced to manifest your ancestor. (-10% HP)


Message History

The orc priest hits Cynebald with a +1 spear of freezing.
The orc priest freezes Cynebald.
Cynebald hits the orc priest but does no damage.
The orc priest begins to cast a cantrip, but forgets the words!
Cynebald hits the orc priest.
You feel sick.
You start resting.
You feel sick.
Ancestor HP restored.
You start resting.
Cynebald hits the orc priest but does no damage.
You feel sick.
The orc priest hits Cynebald with a +1 spear of freezing.
Cynebald barely misses the orc priest.
The orc priest hits Cynebald with a +1 spear of freezing!
The orc priest freezes Cynebald.
Cynebald hits the orc priest.
You feel sick.
The orc priest hits Cynebald with a +1 spear of freezing.
The orc priest freezes Cynebald.
Cynebald hits the orc priest.
The orc priest mumbles some strange prayers to Beogh against you.
Beogh smites you!
You die...

#..# #.# .
#..# ##.##
## #..#
#...# #..#
#...# #..##
... #...#
#o# #..#.#
#.#
##R###.##
#o######
#.## #(#
#.R@...#
###.###.##
######.#
#......#
#.##########
#.....##
#..........#
#.....#
##########.#
#.....# #.#
#.....# #.#
###.#.# #[#
#.#.# #.#


You could see the friendly Cynebald the ancestor and an orc priest.

Vanquished Creatures
  An orc wizard (D:3)
  2 adders
  2 oozes
  A worm (D:3)
  2 dart slugs
  4 leopard geckos
  5 orcs
  3 giant cockroaches
  5 goblins
  5 hobgoblins
  4 jackals (D:1)
  A quokka (D:2)
  4 ball pythons
  4 bats
  4 frilled lizards
  8 kobolds
  5 rats
60 creatures vanquished.

Vanquished Creatures (collateral kills)
  An adder (D:3)
  A kobold (D:3)
2 creatures vanquished.

Grand Total: 62 creatures vanquished

Notes
Turn   | Place    | Note
-------+----------+-------------------------------------------
     0 | D:1      | mkm the Minotaur Berserker began the quest for the Orb.
     0 | D:1      | Reached XP level 1. HP: 19/19 MP: 0/0
   102 | D:1      | Reached XP level 2. HP: 27/27 MP: 1/1
   502 | D:1      | Reached XP level 3. HP: 33/33 MP: 2/2
  1125 | D:2      | Reached ** piety under Trog
  1264 | D:2      | Found a hazy altar of Hepliaklqana.
  1383 | D:2      | Fell from the grace of Trog
  1383 | D:2      | Became a worshipper of Hepliaklqana the Forgotten
  1395 | D:2      | Reached XP level 4. HP: 33/36 MP: 3/3
  1904 | D:3      | Reached skill level 1 in Axes
  2139 | D:3      | Reached XP level 5. HP: 15/42 MP: 4/4
  2151 | D:3      | Killed from afar by an orc priest

Illustrated notes

Levels and vault maps discovered:
D:1:      tarquinn_simple_flora_water_a, layout_basic, minivault_14,
          minmay_misc_feat_nine_boxes
D:2:      layout_loops_corners, old_standard_altar
D:3:      layout_loops_ring

Skill      XL: |  1  2  3  4 |
---------------+-------------+-----
Fighting       | 4 |  4.6
Polearms       | 4 |  4.6
Axes           | 2 |  2.1
Armour         | 3 |  3.4
Dodging        | |  2.8
Stealth        | |  0.6

Action                   |  1- 3 |  4- 6 || total
-------------------------+-------+-------++-------
Melee: Spear             |    72 |       ||    72
       Headbutt          |    14 |     7 ||    21
       Hand axe          |    25 |    34 ||    59
Invok: Ancestor Identity |     1 |       ||     1
       Recall Ancestor   |       |     1 ||     1
  Use: Potion            |       |     7 ||     7
       Scroll            |       |     5 ||     5
Armor: Scale mail        |    17 |       ||    17
       Ring mail         |    35 |    11 ||    46
       Plate armour      |       |     9 ||     9
Dodge: Dodged            |    62 |    19 ||    81

Table legend: (Time is in decaauts)
 A = Elapsed time spent in this place.
 B = Non-inter-level travel time spent in this place.
 C = Inter-level travel time spent in this place.
 D = Time resting spent in this place.
 E = Time spent auto-exploring this place.
 F = Levels seen in this place.
 G = Mean time per level.
                   A        B        C        D        E       F      G
               +--------+--------+--------+--------+--------+-----+--------+
         Total |   2132 |   2094 |     38 |     28 |   1538 |   3 |  710.7 |
       Dungeon |   2132 |   2094 |     38 |     28 |   1538 |   3 |  710.7 |
               +--------+--------+--------+--------+--------+-----+--------+

Top non-repeatable levels by time:
     D:2: 968 daAuts
     D:1: 808 daAuts
     D:3: 355 daAuts
